Map: Eternal Empire LE

Players

LewsTherin

  • Race: Protoss Protoss
  • Spawn Location: 7:00

BerryRAWR - Winner!

  • Race: Terran Terran
  • League: Grandmaster
  • Spawn Location: 1:00

VOD

Have the link to the VOD?

Description

Time

  • Played on: May 1, 2020, 4:56 a.m.
  • Length: 8:12
Show
View Real Time Build Order
Export as new Build Order

LewsTherin Protoss 

Build Orders: 1 Gate Expand, Blink Stalkers 

Get SALT Encoding   

  12  0:00  Probe  
  13  0:13  Probe  
  14  0:19  Pylon  
  14  0:25  Probe (Chrono Boost)  
  15  0:38  Probe (Chrono Boost), Gateway  
  16  0:45  Probe (Chrono Boost)  
  16  0:48  Assimilator  
  17  0:52  Probe  
  18  1:04  Probe  
  19  1:16  Probe  
  20  1:25  Nexus  
  20  1:36  Probe (Chrono Boost)  
  20  1:38  Cybernetics Core  
  21  1:45  Assimilator  
  22  1:47  Probe (Chrono Boost)  
  22  1:52  Probe (Chrono Boost)  
  22  1:53  Pylon  
  23  2:11  Probe  
  23  2:13  Adept (Chrono Boost)  
  26  2:18  Warp Gate  
  26  2:23  Probe  
  26  2:27  Twilight Council  
  27  2:33  Stalker (Chrono Boost)  
  27  2:35  Probe  
  30  2:39  Probe  
  31  2:47  Probe  
  31  2:51  Probe  
  33  2:54  Gateway  
  33  2:59  Probe, Stalker  
  33  3:04  Probe  
  37  3:11  Probe  
  38  3:13  Blink (Chrono Boost)  
  38  3:24  Gateway  
  38  3:28  Robotics Facility  
  38  3:30  Probe (Chrono Boost)  
  38  3:33  Probe (Chrono Boost)  
  41  3:41  Probe (Chrono Boost)  
  41  3:43  Pylon  
  41  3:45  Probe (Chrono Boost)  
  41  3:47  Pylon  
  42  3:48  Probe  
  42  3:52  Shield Battery  
  43  3:56  Probe  
  43  4:00  Probe  
  45  4:08  Stalker  
  45  4:09  Stalker  
  44  4:19  Immortal (Chrono Boost)  
  47  4:31  Stalker  
  49  4:35  Stalker  
  51  4:40  Probe x2  
  51  4:44  Stalker  
  55  4:46  Pylon  
  55  4:47  Pylon  
  55  4:52  Probe  
  56  4:56  Stalker  
  58  5:04  Probe  
  58  5:07  Stalker  
  58  5:11  Assimilator  
  58  5:13  Stalker  
  62  5:14  Probe  
  62  5:15  Assimilator  
  53  5:29  Stalker  
  53  5:31  Stalker  
  57  5:36  Zealot  
  35  5:53  Stalker  
  35  5:54  Stalker  
  33  5:57  Stalker  
  33  6:02  Probe  
  36  6:18  Pylon  
  36  6:24  Stalker  
  38  6:34  Gateway  
  38  6:35  Gateway  
  38  6:46  Gateway  
  38  6:49  Stalker  
  35  7:06  Probe  
  35  7:16  Stalker  
  35  7:19  Probe  
  38  7:31  Stalker x2  
  42  7:38  Probe  
  42  7:40  Zealot  
  42  7:44  Zealot  
  32  7:59  Stalker x2  
Show
View Real Time Build Order
Export as new Build Order

BerryRAWR Terran - Winner!

Build Orders: 1/1/1 

Get SALT Encoding   

  12  0:01  SCV  
  13  0:13  SCV  
  14  0:17  Supply Depot  
  14  0:25  SCV  
  15  0:34  Refinery  
  15  0:38  SCV  
  16  0:44  Barracks  
  16  0:50  SCV  
  16  0:54  Refinery  
  17  1:03  SCV  
  18  1:15  SCV  
  19  1:31  Marine  
  19  1:32  Factory  
  20  1:36  Orbital Command  
  20  1:46  Supply Depot  
  20  1:53  Barracks Reactor  
  20  2:03  SCV  
  21  2:15  Armory  
  21  2:16  SCV  
  22  2:24  Starport  
  22  2:26  Factory Tech Lab  
  22  2:31  SCV  
  23  2:37  Supply Depot  
  23  2:43  SCV  
  26  2:55  SCV  
  25  3:02  Thor  
  31  3:08  Marine x2  
  33  3:13  Medivac  
  33  3:18  SCV  
  36  3:24  Supply Depot  
  36  3:26  Marine x2  
  38  3:35  Supply Depot  
  38  3:44  Marine  
  38  3:45  Marine  
  40  3:56  Siege Tank  
  40  4:02  Marine  
  44  4:03  Marine  
  39  4:20  Marine  
  39  4:21  Marine  
  41  4:28  Thor  
  47  4:38  Marine  
  48  4:39  Marine  
  48  4:44  Liberator  
  52  4:54  Supply Depot  
  52  4:55  SCV  
  52  4:59  Marine  
  54  5:04  Marine  
  55  5:16  SCV, Siege Tank  
  55  5:21  Supply Depot  
  58  5:28  Marine  
  55  5:34  Marine  
  54  5:45  Marine  
  44  5:51  Siege Tank  
  47  6:02  Bunker  
  47  6:04  Marine  
  46  6:10  Marine  
  42  6:21  Marine  
  42  6:25  SCV  
  46  6:28  Marine  
  47  6:37  SCV  
  48  6:49  SCV  
  46  6:56  Starport Tech Lab  
  46  7:01  SCV  
  47  7:02  Marine x2  
  49  7:10  Bunker  
  49  7:19  Bunker  
  49  7:23  Marine x2  
  49  7:26  Factory Tech Lab  
  49  7:29  Bunker  
  50  7:41  Marine x2  
  52  7:51  SCV  
Tags
 
Add a new tag
Caveats
  • Supply blocks, unpowered buildings, or Contaminate may cause inaccurate times.
  • Supply counts are checked every 10 seconds.